AoeStats
← hK | RanDoM

Arabia

510666241Analyzed
1v1 RM · 20h ago on Oct 2, 2026· 24m 52s· 2 players
Game mode
Random Map
Map size
Tiny (2 player)
Population
200
Speed
Normal
Resources
Standard
Victory
Conquest
Starting age
Dark Age
Ending age
Imperial Age
RankedLock teamsTeams togetherTeam positionsShared explorationLock speedFull tech treeHidden civsTurbo modeCheats
Victory
Defeat
🇨🇳 Burgundians · China
2284
+10
🇲🇽 Vietnamese · Mexico
2141
-10
Kanon
3:49 Double-Bit Axe
5:59 Loom
8:47 Feudal Age
9:43 Bow Saw
10:35 Horse Collar
12:06 Wheelbarrow
15:04 Fletching
16:07 Padded Archer Armor
23:29 Castle Age
22:29 Scale Mail Armor
22:29 Gold Mining
22:40 Heavy Plow
23:53 Forging
23:30 Elite Skirmisher
24:07 Bodkin Arrow
hK | RanDoM
5:36 Loom
9:04 Feudal Age
9:35 Double-Bit Axe
10:32 Horse Collar
14:33 Fletching
15:48 Wheelbarrow
23:08 Castle Age
21:39 Padded Archer Armor
22:40 Scale Mail Armor
23:50 Bodkin Arrow
Connection lost

Rejoining the realm…

Still unreachable

The connection could not be restored.

Session expired

The server has moved on; the page needs a fresh start.